 Dungeon Crawl Stone Soup version 0.19.0-9-gfd783f2 (webtiles) character file.

67 markesh0 the Magician (level 3, -2/30 HPs)
             Began as a Draconian Wizard on Nov 8, 2016.
             Slain by Sigmund
             ... wielding a +0 scythe
              (7 damage)
             ... on level 2 of the Dungeon.
             The game lasted 00:17:51 (2358 turns).

markesh0 the Magician (Draconian Wizard)            Turns: 2358, Time: 00:17:51

Health: -2/30      AC:  5    Str:  7 (9)  XL:     3   Next: 98%
Magic:  1/7        EV: 12    Int: 18 (19) God:
Gold:   112        SH:  0    Dex:  8 (9)  Spells: 3 memorised, 3 levels left

rFire  . . .     SeeInvis .     r - +2 rapier (drain)
rCold  . . .     Gourm    .     (armour unavailable)
rNeg   . . .     Faith    .     (no shield)
rPois  .         Spirit   .     a - +0 hat
rElec  .         Reflect  .     (no cloak)
rCorr  .         Harm     .     (no gloves)
MR     .....                    (no boots)
Stlth  ++........               (no amulet)
                                (no ring)
                                (no ring)

@: very slightly contaminated
A: unfitting armour, cold-blooded, AC +5
a: no special abilities


You were on level 2 of the Dungeon.
You were full.

You visited 1 branch of the dungeon, and saw 2 of its levels.

You collected 112 gold pieces.

Inventory:

Hand Weapons
 d - a +0 dagger
 p - a +0 trident of flaming
 r - a +2 rapier of draining (weapon)
Armour
 a - a +0 hat (worn)
Scrolls
 e - a scroll of immolation {unknown}
 f - a scroll of identify
 g - a scroll of remove curse
 h - a scroll of enchant armour {unknown}
 n - 3 scrolls of noise
Books
 b - a book of Minor Magic

   Spells                             Type                      Level
   a - Magic Dart                     Conjuration                  1
   b - Blink                          Translocation                2
   c - Call Imp                       Summoning                    2
   d - Repel Missiles                 Charms/Air                   2
   e - Slow                           Hexes                        2
   f - Conjure Flame                  Conjuration/Fire             3
   g - Mephitic Cloud                 Conjuration/Poison/Air       3
Comestibles
 c - 2 bread rations
 i - a chunk of flesh
 j - a meat ration
 l - a beef jerky


   Skills:
 * Level 2.4 Fighting
 + Level 2.3 Dodging
 - Level 1.7 Stealth
 + Level 3.3 Spellcasting
 + Level 1.8 Conjurations
 - Level 1.0 Summonings
   Level 1.0 Translocations


You had 3 spell levels left.
You knew the following spells:

 Your Spells              Type           Power        Failure   Level  Hunger
a - Magic Dart            Conj           #...         10%         1    None
c - Slow                  Hex            #.......     28%         2    ##.....
d - Call Imp              Summ           #.......     17%         2    ##.....


Dungeon Overview and Level Annotations

Branches:
Dungeon (2/15)

Altars:

Annotations:
D:2 Sigmund


Innate Abilities, Weirdness & Mutations

Your plain brown scales are hard. (AC +5)
You cannot fit into any form of body armour.
You are cold-blooded and may be slowed by cold attacks.


Message History

Sigmund casts a spell.
Sigmund flickers and vanishes!
Deactivating autopickup; reactivate with Ctrl-A.
A magic dart appears from out of thin air!
The magic dart hits your iron imp. Something barely misses your iron imp.
You swap places.
You swap places.
Your iron imp disappears in a puff of smoke!
You hear some strange, mumbled words.
Something tries to affect you, but you resist.
You closely miss something. Something hits you!
You barely miss something. Something hits you!
* * * LOW HITPOINT WARNING * * *
You aren't carrying any potions.
Casting: Call Imp
Confirm with . or Enter, or press ? or * to list all spells.
A beastly little devil appears in a puff of frigid air.
Something hits you!
You die...

########### #.........#
#.#######.# ##......@{.#
###.....####5######### #
#................@...! .#
######.#...#.####.##########.##
#...##.#...#.# #.()..# #....
#............####)###.# #.#.#
#...##.#............#.####.#.###
##.###.#........................
##.#.##.#.......##.#......#.#.###


You could see a friendly white imp.

Vanquished Creatures
  2 gnolls (D:2)
  A worm (D:2)
  2 dart slugs
  2 giant cockroaches
  5 goblins
  3 jackals (D:1)
  5 quokkas (D:2)
  A bat (D:2)
  2 frilled lizards
  7 kobolds
  3 rats
33 creatures vanquished.

Vanquished Creatures (collateral kills)
  A worm (D:2)
  A leopard gecko (D:2)
  A ball python (D:2)
  A giant cockroach (D:2)
  2 goblins (D:2)
  A hobgoblin (D:2)
  A kobold (D:2)
8 creatures vanquished.

Grand Total: 41 creatures vanquished

Notes
Turn   | Place    | Note
-------+----------+-------------------------------------------
     0 | D:1      | markesh0 the Draconian Wizard began the quest for the Orb.
     0 | D:1      | Reached XP level 1. HP: 14/14 MP: 4/4
   741 | D:1      | Reached skill level 1 in Fighting
   741 | D:1      | Reached XP level 2. HP: 20/23 MP: 6/6
   745 | D:1      | Learned a level 2 spell: Blink
  1176 | D:2      | Learned a level 2 spell: Slow
  1179 | D:2      | Learned a level 2 spell: Call Imp
  1400 | D:2      | Reached XP level 3. HP: 25/29 MP: 7/7
  2331 | D:2      | Noticed Sigmund
  2358 | D:2      | Slain by Sigmund

Skill      XL: |  1  2  3 |
---------------+----------+-----
Fighting       | 1 2 |  2.4
Dodging        | 2 |  2.3
Stealth        | |  1.7
Spellcasting   | |  3.3
Conjurations   | |  1.8
Summonings     | |  1.0
Translocations | |  1.0

Action                   || total
-------------------------++-------
Melee: Dagger            ||    58
       Unarmed           ||    13
       Tailslap          ||     8
       Rapier            ||    30
 Cast: Magic Dart        ||    59
       Call Imp          ||     8
       Slow              ||     6
  Use: Scroll            ||     6
       Potion            ||     4
  Eat: Chunk             ||     5
       Bread ration      ||     1
Armor: Skin              ||    27
Dodge: Dodged            ||    78
